 Dungeon Crawl Stone Soup version 0.31.0-12-g77e489cdc1 (webtiles) character file.

Game seed: 11216121407346247780

7280 spaghetti the Fighter (level 11, -3/120 HPs)
             Began as an Oni Hexslinger on Mar 5, 2024.
             Was an Initiate of Yredelemnul.
             Slain by a blink frog (11 damage)
             ... on level 1 of the Lair of Beasts.
             The game lasted 00:22:27 (10319 turns).

spaghetti the Fighter (Oni Hexslinger)             Turns: 10319, Time: 00:22:28

Health: -3/120     AC: 22    Str: 13    XL:     11   Next: 12%
Magic:  0/22       EV:  6    Int: 17    God:    Yredelemnul [......]
Gold:   564        SH:  0    Dex: 15    Spells: 9/28 levels left

rFire   + + .        a - +2 spear (venom)
rCold   x . .        c - orb {mayhem}
rNeg    . . .        M - +0 fire dragon scales
rPois   +            l - +2 hat
rElec   .            F - +2 cloak {rPois}
rCorr   .            (gloves unavailable)
SInv    .            (boots unavailable)
Will    .....        A - amulet of guardian spirit Stlth
                     L - +4 ring of protection
HPRegen 0.40/turn    i - +4 ring of protection
MPRegen 0.18/turn

%: mayhem, guardian spirit
@: weak-willed
A: large, unfitting armour, horns 1, tough skin 1, double potion healing,
drunken brawling, agile 1, low MP 1, wild magic 1
a: Renounce Religion, Recall Undead Harvest


You were on level 1 of the Lair of Beasts.
You worshipped Yredelemnul.
Yredelemnul was aware of your devotion.
You visited 3 branches of the dungeon, and saw 13 of its levels.

You collected 1346 gold pieces.
You spent 782 gold pieces at shops.

Inventory:

Hand Weapons
 a - a +2 spear of venom (weapon)
 b - a +1 sling
 g - a +0 giant spiked club
 w - a +0 vampiric short sword
Missiles
 H - a throwing net
Armour
 c - an orb of mayhem (worn)
 l - a +2 hat (worn)
 F - a +2 cloak of poison resistance (worn)
 M - +0 fire dragon scales (worn)
Magical Staves
 E - a staff of conjuration
Jewellery
 h - a +6 ring of intelligence
 i - a +4 ring of protection (right hand)
 x - a ring of protection from cold
 A - an amulet of guardian spirit (around neck)
 C - a ring of poison resistance
 J - a ring of protection from fire
 L - a +4 ring of protection (left hand)
Wands
 t - a wand of light (1)
 B - a wand of polymorph (10)
 G - a wand of flame (21)
Scrolls
 e - 5 scrolls of identify
 f - 6 scrolls of fog
 k - a scroll of enchant armour
 m - a scroll of noise
 n - 5 scrolls of vulnerability
 q - 2 scrolls of revelation
 y - a scroll of silence
 z - 4 scrolls of poison
 D - a scroll of brand weapon
Potions
 d - a potion of mutation
 o - 2 potions of enlightenment
 r - 3 potions of degeneration
 u - 2 potions of attraction
 v - a potion of invisibility
 I - a potion of might


   Skills:
 + Level 11.2 Fighting
 - Level 1.3 Ranged Weapons
 - Level 1.7 Dodging
 + Level 9.4 Spellcasting
 - Level 1.9 Conjurations
 + Level 6.5 Hexes
 + Level 3.8 Fire Magic
 - Level 1.9 Air Magic
 - Level 1.9 Alchemy
 + Level 8.1 Invocations
 + Level 2.6 Evocations


You had 9 spell levels left.
You knew the following spells:

 Your Spells              Type           Power      Damage    Failure   Level
a - Jinxbite              Hex            78%        N/A       10%         2
b - Inner Flame           Hex/Fire       33%        N/A       30%         3
c - Dimensional Bullseye  Hex/Tloc       12%        N/A       90%         4
d - Cause Fear            Hex            19%        N/A       47%         4
e - Sigil of Binding      Hex            39%        N/A       19%         3
f - Mephitic Cloud        Conj/Alch/Air  18%        N/A       73%         3

Your spell library contained the following spells:

 Spells                   Type           Power      Damage    Failure   Level
 Mercury Vapours          Alch/Air       36%        N/A       50%         2
 Freeze                   Ice            40%        1d6       63%         1
 Hailstorm                Conj/Ice       14%        3d6       83%         3
 Frozen Ramparts          Ice            20%        1d4       92%         3
 Freezing Cloud           Conj/Ice/Air   8%         6-21      100%        5


Dungeon Overview and Level Annotations

Branches:
Dungeon (10/15)            Temple (1/1) D:5            Lair (2/5) D:8
    Orc (0/2) D:9
  Swamp: Lair:2-3    Shoals: Lair:2-3     Snake: Lair:2-3    Spider: Lair:2-3

Altars:
Ashenzari
Cheibriados
Dithmenos
Elyvilon
Fedhas
Gozag
Hepliaklqana
Kikubaaqudgha
Makhleb
Nemelex Xobeh
Okawaru
Qazlal
Ru
Sif Muna
Trog
Uskayaw
Vehumet
Wu Jian
Xom
Yredelemnul
Zin
The Shining One

Shops:
D:5 [   D:6 *   D:10 (

Annotations:
D:2 1 runed translucent door, Crazy Yiuf
D:6 2 transporters
D:7 1 runed translucent door, Urgle's ghost, novice GnCA
Lair:1 3 runed translucent doors, SIGMABALLS's ghost, journeyman MiFi


Innate Abilities, Weirdness & Mutations

You are too large for most types of armour.
You have a pair of small horns on your head.
You have tough skin. (AC +1)
You gain doubled healing and magic from potions.
Whenever you drink a healing potion, you attack all around you.
You are agile. (Dex +4, Str/Int -1)
Your magical capacity is low. (-10% MP)
Your spells are a little harder to cast, but a little more powerful.


Message History

Your bog body's corpse disappears in a puff of smoke!
You closely miss the phantasmal warrior.
The phantasmal warrior hits you!!
The phantasmal warrior hits you but does no damage.
You hit the phantasmal warrior but do no damage.
You headbutt the phantasmal warrior, but do no damage.
The phantasmal warrior hits you!!
* * * LOW HITPOINT WARNING * * *
Unknown command.
As you read the scroll of teleportation, it crumbles to dust.
You feel strangely unstable.
You feel your willpower return. The phantasmal warrior hits you!!
* * * LOW HITPOINT WARNING * * *
The phantasmal warrior hits you.
* * * LOW HITPOINT WARNING * * *
Your willpower is stripped away!
Unknown command.
Unknown command.
Unknown command.
Okay, then.
Blink to where?
Press: ? - help, Dir - move target
As you read the scroll of blinking, it crumbles to dust.
The slime creature quivers.
SIGMABALLS's ghost turns its malevolent gaze towards you.
The jelly quivers.
Unknown command.
Unknown command.
Your surroundings suddenly seem different.
A water moccasin and 4 blink frogs come into view.
The blink frog croaks. x3
The blink frog gives a loud, deep croak!
You hear a croak.
You hear an angry hiss. x3
The blink frog hits you.
* * * LOW HITPOINT WARNING * * *
A water moccasin comes into view.
The blink frog blinks!
The blink frog hits you!
You die...
Your body rises from the dead as a mindless zombie.

... .. . .. ..
##.## ...
#...###....
.S###........ .
..........#....
.......@ยง......
.##.#..F..#.#..
###F.....
..F....F#
.S......#
.........#
..........
...........


You could see 4 blink frogs and 2 water moccasins.

Vanquished Creatures
  Harold (D:9)
  Fannar (Lair:1)
  A rime drake (D:8)
  A troll (D:9)
  Prince Ribbit (D:8)
  2 hornets (D:8)
  3 yaks (Lair:1)
  2 wyverns
  An acid dragon (D:9)
  A water moccasin (D:6)
  Duvessa (D:6)
  3 orc warriors
  An ogre (D:4)
  3 ice beasts (D:8)
  2 black bears
  3 wolves
  3 centaurs
  5 bullfrogs
  A kobold brigand (D:10)
  3 scorpions
  5 wights (D:8)
  Dowan (D:6)
  2 howler monkeys (D:9)
  2 bombardier beetles (D:6)
  2 hounds
  2 jellies
  4 orc priests
  A gnoll bouda (D:7)
  A sleepcap (D:5)
  3 iguanas (D:6)
  6 orc wizards
  3 gnolls (D:7)
  13 adders
  2 white imps
  2 ufetubi (D:7)
  2 orc zombies
  A dart slug (D:2)
  A ribbon worm (D:2)
  28 orcs
  2 endoplasms
  4 giant cockroaches
  7 goblins
  4 hobgoblins
  6 jackals (D:2)
  3 quokkas
  8 ball pythons
  3 bats
  8 kobolds
  9 rats
174 creatures vanquished.

Vanquished Creatures (collateral kills)
  A yak (Lair:1)
  An ice beast (D:8)
  A sky beast (D:7)
  4 wolves (Lair:1)
  A wolf zombie (Lair:1)
  3 orc priests
  An orc wizard (D:6)
  A howler monkey zombie (D:9)
  A gnoll (D:7)
  A shadow imp (D:7)
  2 gnoll zombies (D:7)
  An iguana zombie (D:6)
  6 orcs
  6 orc zombies
30 creatures vanquished.

Vanquished Creatures (others)
  A wyvern zombie (D:9)
  2 wolf zombies
  2 bullfrog zombies (D:8)
  A centaur zombie (D:6)
  A black bear zombie (D:6)
  An orc priest (D:8)
  A scorpion zombie (D:6)
  An ice beast zombie (D:8)
  A spectral orc (D:8)
  An iguana zombie (D:6)
  A spectral white imp (D:8)
  3 orcs
  3 orc zombies
19 creatures vanquished.

Grand Total: 223 creatures vanquished

Notes
Turn   | Place    | Note
-------+----------+-------------------------------------------
     0 | D:1      | spaghetti the Oni Hexslinger began the quest for the Orb.
     0 | D:1      | Reached XP level 1. HP: 19/19 MP: 2/2
    77 | D:1      | Reached skill level 2 in Fighting
    90 | D:1      | Reached XP level 2. HP: 28/28 MP: 4/4
   459 | D:1      | Learned a level 2 spell: Jinxbite
   567 | D:1      | Reached XP level 3. HP: 36/36 MP: 6/6
   612 | D:2      | Reached skill level 3 in Fighting
   647 | D:2      | Found an iron altar of Okawaru.
   928 | D:2      | Reached XP level 4. HP: 39/48 MP: 8/8
  1091 | D:2      | Found a runed translucent door.
  1092 | D:2      | Noticed Crazy Yiuf
  1335 | D:2      | Reached skill level 4 in Fighting
  1584 | D:3      | Reached XP level 5. HP: 27/55 MP: 10/10
  1717 | D:3      | Found an ancient bone altar of Kikubaaqudgha.
  1806 | D:3      | Found a glowing golden altar of the Shining One.
  2098 | D:3      | Gained mutation: You are agile. (Dex +4, Str/Int -1)
                  | [potion of mutation]
  2098 | D:3      | Gained mutation: Your magical capacity is low. (-10% MP)
                  | [potion of mutation]
  2098 | D:3      | Gained mutation: Your spells are a little harder to cast,
                  | but a little more powerful. [potion of mutation]
  2122 | D:4      | Learned a level 3 spell: Inner Flame
  2127 | D:4      | Learned a level 4 spell: Dimensional Bullseye
  2386 | D:4      | Reached skill level 5 in Fighting
  2623 | D:4      | Found a stormy altar of Qazlal.
  2665 | D:4      | Found a radiant altar of Vehumet.
  2698 | D:4      | Noticed an ogre
  2710 | D:4      | Killed an ogre
  2711 | D:4      | Reached XP level 6. HP: 23/67 MP: 10/12
  2892 | D:4      | Reached skill level 6 in Fighting
  3285 | D:5      | Entered Level 5 of the Dungeon
  3301 | D:5      | Reached skill level 5 in Spellcasting
  3331 | D:5      | Found a shadowy altar of Dithmenos.
  3454 | D:5      | Reached XP level 7. HP: 76/76 MP: 11/13
  3460 | D:5      | Learned a level 4 spell: Cause Fear
  3464 | D:5      | Learned a level 3 spell: Sigil of Binding
  3682 | D:5      | Found Xuokon's Antique Armour Shop.
  3690 | D:5      | Bought an embroidered robe for 122 gold pieces
  3739 | D:5      | Reached skill level 1 in Fire Magic
  3743 | D:5      | Found a staircase to the Ecumenical Temple.
  3863 | Temple   | Entered the Ecumenical Temple
  3932 | Temple   | Became a worshipper of Yredelemnul the Dark
  4144 | D:5      | Reached * piety under Yredelemnul
  4145 | D:5      | Reached skill level 1 in Invocations
  4385 | D:5      | Reached skill level 7 in Fighting
  4652 | D:6      | Reached XP level 8. HP: 67/87 MP: 15/15
  4738 | D:6      | Found a transporter.
  4841 | D:6      | Found a transporter.
  4975 | D:6      | Reached ** piety under Yredelemnul
  5150 | D:6      | Noticed Dowan
  5152 | D:6      | Noticed Duvessa
  5179 | D:6      | Killed Duvessa
  5179 | D:6      | Killed Dowan
  5180 | D:6      | Reached skill level 8 in Fighting
  5278 | D:6      | Found Nutomen's Fire Supplies.
  5877 | D:7      | Reached XP level 9. HP: 86/97 MP: 14/17
  6031 | D:7      | Identified a scroll of acquirement
  6039 | D:7      | Acquired 791 gold pieces
  6571 | D:7      | Found a runed translucent door.
  6573 | D:7      | Noticed Urgle's ghost (novice GnCA)
  6949 | D:8      | Reached skill level 5 in Invocations
  6977 | D:8      | Noticed a rime drake
  6989 | D:8      | Reached skill level 5 in Hexes
  7002 | D:8      | Killed a rime drake
  7003 | D:8      | Reached skill level 9 in Fighting
  7116 | D:8      | Found a staircase to the Lair.
  7137 | D:8      | Noticed Prince Ribbit
  7184 | D:8      | Noticed a hornet
  7600 | D:8      | Killed Prince Ribbit
  7601 | D:8      | Reached skill level 10 in Fighting
  7601 | D:8      | Reached XP level 10. HP: 96/110 MP: 17/20
  7766 | D:8      | Learned a level 3 spell: Mephitic Cloud
  7943 | D:9      | Noticed Harold
  8192 | D:8      | Paralysed by a hornet for 3 turns
  8478 | D:9      | Found a staircase to the Orcish Mines.
  8495 | D:9      | Killed Harold
  8496 | D:9      | Reached skill level 1 in Conjurations
  8496 | D:9      | Reached skill level 1 in Air Magic
  8496 | D:9      | Reached skill level 1 in Alchemy
  8496 | D:9      | Reached skill level 1 in Evocations
  9326 | D:10     | Entered Level 10 of the Dungeon
  9326 | D:10     | Found Imnahy's Weapon Boutique.
  9326 | D:10     | Found a hide-covered altar of Uskayaw.
  9575 | D:6      | Bought +0 fire dragon scales for 660 gold pieces
  9703 | Lair:1   | Entered Level 1 of the Lair of Beasts
  9704 | Lair:1   | Noticed Fannar
  9755 | Lair:1   | Killed Fannar
 10048 | Lair:1   | Reached skill level 11 in Fighting
 10048 | Lair:1   | Reached XP level 11. HP: 56/120 MP: 11/21
 10318 | Lair:1   | Found a runed translucent gate.
 10318 | Lair:1   | Found a runed translucent gate.
 10318 | Lair:1   | Found a runed translucent gate.
 10318 | Lair:1   | Noticed SIGMABALLS's ghost (journeyman MiFi)
 10319 | Lair:1   | Slain by a blink frog

Illustrated notes

Levels and vault maps discovered:
D:1:      amcnicky_arrival_single_pillar, layout_basic, minivault_5
D:2:      layout_loops_ring, basic_altar, minmay_misc_feat_x,
          uniq_crazy_yiuf_cottage
D:3:      layout_basic, nicolae_tso_swordbearing_angel, amcnicky_altar_gilded
D:4:      layout_gridville, mainiacjoe_overflow_paths,
          nicolae_qazlal_eye_of_the_storm
D:5:      layout_basic, grunt_dithmenos_smoke, minmay_temple_entry_water_ring,
          serial_shops, shop
D:6:      gammafunk_cloud_chamber, layout_basic, nicolae_shop_fire_sale
          [nicolae_sub_dead_trees], amcnicky_mini_pool_small,
          serial_library_hellmonk_open_square, uniq_duvessa
D:7:      layout_basic, gammafunk_ghost_grave, serial_bayou_pond_e
D:8:      layout_rooms, hellmonk_lair_entry_icy, uniq_prince_ribbit1
D:9:      layout_rooms, david_orc_3, chequers_serial_rivers_micro_c, uniq_harold
D:10:     layout_cave_pools, dancing_weapons_uskayaw, serial_shops,
          nicolae_stop_n_shop_2, minmay_holes, statue_in_the_mist_lemuel,
          minmay_fountain_box, minmay_misc_feat_rugged
Temple:   minmay_temple_bridge_d
Lair:1:   minmay_lair_venomous_thicket, layout_gridlike, gammafunk_ghost_ooze,
          uniq_fannar, uniq_gastronok
Lair:2:   layout_loops_ring, nicolae_spider_entry_lesser_pyramids,
          serial_forest, infiniplex_forest_lined_ring,
          infiniplex_forest_clump_curved, infiniplex_forest_clump_small,
          infiniplex_forest_lined_room_2, infiniplex_forest_lined_room_2,
          infiniplex_forest_clump_long, infiniplex_forest_lined_1,
          infiniplex_forest_end_2

Skill      XL: |  1  2  3  4  5  6  7  8  9 10 11 |
---------------+----------------------------------+-----
Fighting       | 2 3 4 5 6 7 8 10 11 | 11.2
Spellcasting   | 2 3 4 5 6 7 8 9 |  9.4
Fire Magic     | 2 3 |  3.8
Invocations    | 2 4 6 7 8 |  8.1
Hexes          | 3 4 5 6 |  6.5
Conjurations   | 1 |  1.9
Air Magic      | 1 |  1.9
Alchemy        | 1 |  1.9
Evocations     | 2 |  2.6
Ranged Weapons | |  1.3
Dodging        | |  1.7

Action                     |  1- 3 |  4- 6 |  7- 9 | 10-12 || total
---------------------------+-------+-------+-------+-------++-------
  Melee: Sling             |       |       |     7 |       ||     7
         Headbutt          |       |       |    17 |    29 ||    46
         Spear             |       |       |   102 |   131 ||   233
   Fire: Sling             |   149 |   190 |   248 |    15 ||   602
   Cast: Jinxbite          |     4 |     3 |    18 |     4 ||    29
         Inner Flame       |       |       |     5 |     1 ||     6
         Cause Fear        |       |       |     3 |     1 ||     4
         Dimensional Bulls |       |       |       |     1 ||     1
 Invoke: Dark Bargain      |       |       |       |     2 ||     2
  Evoke: Wand              |       |       |     6 |    10 ||    16
    Use: Potion            |       |    11 |       |     1 ||    12
         Scroll            |       |     6 |     8 |     4 ||    18
   Stab: Sleeping          |       |       |     1 |       ||     1
         Distracted        |       |       |       |     1 ||     1
 Armour: Robe              |    82 |    97 |   302 |   116 ||   597
         Fire dragon scale |       |       |       |   134 ||   134
  Dodge: Dodged            |    83 |    79 |   200 |    92 ||   454
